 Dungeon Crawl Stone Soup version 0.24.0-37-gcf1ca852f1 (webtiles) character file.

Game seed: 11192526325447270954, levelgen mode: deterministic

25888 Gartch the Geomancer (level 13, -17/84 HPs)
             Began as a Gargoyle Earth Elementalist on Nov 29, 2019.
             Was a High Priest of Vehumet.
             Demolished by a death yak simulacrum (58 damage)
             ... in an ice cave on Dec 5, 2019.
             The game lasted 03:01:11 (23657 turns).

Gartch the Geomancer (Gargoyle Earth Elementalist) Turns: 23657, Time: 03:01:18

Health: -17/84     AC: 28    Str: 16    XL:     13   Next: 22%
Magic:  2/25       EV: 13    Int: 23    God:    Vehumet [*****.]
Gold:   1126       SH:  0    Dex: 14    Spells: 19/28 levels left

rFire    + + .     SeeInvis +   f - +2 falchion (slice)
rCold    x . .     Gourm    .   (no shield)
rNeg     + . .     Faith    .   L - +1 fire dragon scales of the Monkey {rElec rF++ rC- Str+3 Dex+2}
rPois    ∞         Spirit   .   (no helmet)
rElec    +         Reflect  .   S - +0 cloak of the Modern Continents {Int+3 Dex+2 SInv Stlth+}
rCorr    .         Harm     .   (no gloves)
MR       +....                  E - +0 pair of boots
Stlth    +.........             (no amulet)
HPRegen  0.24/turn              T - +3 ring of protection
MPRegen  0.19/turn              h - ring of protection from magic

@: no status effects
A: negative energy resistance 1, electricity resistance, unbreathing,
petrification resistance, rot immunity, AC +9
a: Renounce Religion


You were in an ice cave.
You worshipped Vehumet.
Vehumet was extremely pleased with you.
You were not hungry.

You visited 2 branches of the dungeon, and saw 16 of its levels.
You also visited: Sewer and Ice Cave.

You collected 1126 gold pieces.

Inventory:

Hand Weapons
 f - a +2 falchion of slicing (weapon)
 g - a +1 quarterstaff of draining
 J - a +1 hand axe of freezing
 M - a +1 vampiric whip
Missiles
 b - 27 stones (quivered)
Armour
 a - a +1 cloak
 c - a +1 robe
 r - a scarf of resistance
 E - a +0 pair of boots (worn)
 L - the +1 fire dragon scales of the Monkey (worn) {rElec rF++ rC- Str+3 Dex+2}
   (You found it on level 8 of the Dungeon)

   It affects your strength (+3).
   It affects your dexterity (+2).
   It greatly protects you from fire.
   It makes you vulnerable to cold.
   It insulates you from electricity.
 S - the +0 cloak of the Modern Continents (worn) {Int+3 Dex+2 SInv Stlth+}
   (You found it on level 9 of the Dungeon)

   It affects your intelligence (+3).
   It affects your dexterity (+2).
   It lets you see invisible.
   It makes you more stealthy.
Jewellery
 h - a ring of protection from magic (right hand)
 x - an uncursed ring of wizardry {unknown}
 z - an uncursed ring of flight
 G - an uncursed ring of see invisible
 H - an uncursed ring of positive energy
 T - a +3 ring of protection (left hand)
 Z - an uncursed ring of fire
Wands
 e - a wand of acid (8)
 t - a wand of iceblast (51)
 D - a wand of random effects (2)
 O - a wand of flame (14)
 Y - a wand of paralysis (8)
Scrolls
 i - a scroll of enchant weapon {unknown}
 j - 5 scrolls of amnesia
 o - 2 scrolls of magic mapping
 q - 6 scrolls of remove curse
 v - 6 scrolls of teleportation
 y - 5 scrolls of immolation {unknown}
 B - a scroll of fear {unknown}
 F - 5 scrolls of enchant armour
 R - 3 scrolls of blinking {unknown}
 U - 2 scrolls of fog {unknown}
 V - a scroll of holy word {unknown}
Potions
 k - a potion of might
 l - 2 potions of agility
 m - 6 potions of flight
 n - 5 potions of heal wounds
 s - 7 potions of curing
 u - 5 potions of haste
 w - a potion of resistance
 A - 2 potions of ambrosia
 C - 2 potions of berserk rage
 Q - a potion of magic
 W - 3 potions of brilliance {unknown}
Comestibles
 d - 27 rations
 p - 3 chunks of flesh


   Skills:
 - Level 11.0 Fighting
 - Level 11.0 Armour
 - Level 8.0 Dodging
 - Level 2.1 Stealth
 - Level 8.0 Spellcasting
 - Level 3.5 Conjurations
   Level 0.7 Transmutations
 + Level 13.1 Earth Magic


You had 19 spell levels left.
You knew the following spells:

 Your Spells              Type           Power        Failure   Level  Hunger
a - Sandblast             Erth           ######       1%          1    None
b - Stone Arrow           Conj/Erth      #####.       1%          3    None
c - Lee's Rapid Deconstr  Erth           ######....   1%          5    #####..

Your spell library contained the following spells:

 Spells                   Type           Power        Failure   Level  Hunger
 Conjure Ball Lightning   Conj/Air       ###.......   98%         6    ######.
 Passwall                 Tmut/Erth      #####...     1%          2    None
 Dazzling Spray           Conj/Hex       ###...       10%         3    None
 Petrify                  Tmut/Erth      #####...     14%         4    ###....
 Leda's Liquefaction      Hex/Erth       #####.....   16%         4    ###....
 Animate Skeleton         Necr           N/A          24%         1    None
 Apportation              Tloc           #.....       24%         1    None
 Confusing Touch          Hex            #.....       24%         1    None
 Corona                   Hex            #......      24%         1    None
 Summon Small Mammal      Summ           #...         24%         1    None
 Corpse Rot               Necr           N/A          34%         2    None
 Ensorcelled Hibernation  Hex/Ice        #.....       34%         2    None
 Confuse                  Hex            #.......     56%         3    None
 Tukima's Dance           Hex            #.......     56%         3    None
 Summon Forest            Summ/Tloc      #.........   100%        5    #####..
 Hydra Form               Tmut           ##........   100%        6    ######.
 Summon Hydra             Summ           #.........   100%        7    #######


Dungeon Overview and Level Annotations

Branches:
Dungeon (10/15)            Temple (0/1) D:4            Lair (6/6) D:10
 Shoals (0/4) Lair:4       Spider (0/4) Lair:4        Slime (0/5) Lair:6
  Sewer (visited)           IceCv (1/1)
    Orc: D:9-12

Altars:
Cheibriados
Gozag
Makhleb
Qazlal
Uskayaw
Vehumet
Xom
Yredelemnul

Shops:
D:4 *

Annotations:
D:4 Edmund, Pikel
D:6 Prince Ribbit
D:9 1 runed translucent door
Lair:5 1 runed translucent door, exclusion: hydra


Innate Abilities, Weirdness & Mutations

You are resistant to torment.
Your stone body is resilient. (AC +9)
You are immune to poison.
You resist negative energy. (rN+)
You are resistant to electric shocks. (rElec)
You can survive without breathing.
You are immune to petrification.
You are immune to rotting.


Message History

The death yak simulacrum is severely damaged.
The death yak simulacrum gores you but does no damage.
Casting: Stone Arrow (safe; 1% risk of failure)
Confirm with . or Enter, or press ? or * to list all spells.
You don't have enough magic to cast that spell.
You hit the death yak simulacrum but do no damage.
The death yak simulacrum is severely damaged.
The death yak simulacrum gores you but does no damage.
Casting: Stone Arrow (safe; 1% risk of failure)
Confirm with . or Enter, or press ? or * to list all spells.
Aiming: Sandblast (safe; 1% risk of failure)
Press: ? - help, Shift-Dir - straight line, f/p - death yak simulacrum
Aim: a death yak simulacrum (severely damaged)
The blast of sand hits the death yak simulacrum but does no damage.
The death yak simulacrum is severely damaged.
b - 27 stones The death yak simulacrum gores you!
The death yak simulacrum freezes you!!!
You feel a terrible chill!
Ouch! That really hurt!
You die...

#### ##
##..##
##..##....##
#..........#
.......@.∩.#
..##..Z....#
###....##
##..## ####


You could see a death yak simulacrum.

Vanquished Creatures
  6 elephants
  2 black mambas
  7 spiny frogs
  5 komodo dragons
  2 rime drakes
  6 jumping spiders (Lair:4)
  A troll (D:9)
  17 blink frogs
  4 hippogriffs
  A redback (Lair:4)
  A shadow (D:10)
  24 yaks
  4 wyverns
  A basilisk (Lair:3)
  A steam dragon (D:8)
  A hungry ghost (D:9)
  9 water moccasins
  9 porcupines
  3 slaves (D:4)
  3 orc warriors
  An ice beast (D:9)
  6 black bears
  4 ogres
  2 phantoms
  13 wolves
  3 centaurs
  3 big kobolds
  14 crocodiles
  17 bullfrogs
  A water moccasin zombie (D:7)
  4 scorpions
  5 killer bees (D:9)
  2 elephant simulacra (IceCv)
  3 howler monkeys
  3 jellies
  A bullfrog zombie (D:10)
  9 crimson imps
  7 orc priests
  6 hounds
  Terence (D:3)
  2 bullfrog skeletons
  Natasha (twice) (D:3)
  5 iguanas
  A merfolk siren (Sewer)
  7 orc wizards
  9 worker ants
  A wolf simulacrum (IceCv)
  A merfolk avatar (Sewer)
  A killer bee zombie (D:9)
  A hound zombie (D:6)
  A hound skeleton (D:7)
  4 gnolls
  4 river rats (Sewer)
  14 adders
  2 shadow imps
  5 worms
  2 adder skeletons
  2 dart slugs
  6 leopard geckos
  19 orcs
  9 ball pythons
  8 bats
  12 giant cockroaches
  7 goblins
  5 hobgoblins
  12 jackals
  7 quokkas
  9 frilled lizards
  A goblin skeleton (D:9)
  10 kobolds
  A quokka zombie (D:6)
  29 rats
411 creatures vanquished.

Vanquished Creatures (others)
  A bush (Lair:4)
  42 fungi
  12 plants
55 creatures vanquished.

Grand Total: 466 creatures vanquished

Notes
Turn   | Place    | Note
-------+----------+-------------------------------------------
     0 | D:1      | Gartch the Gargoyle Earth Elementalist began the quest for
                  | the Orb.
     0 | D:1      | Reached XP level 1. HP: 10/10 MP: 3/3
   490 | D:1      | Reached XP level 2. HP: 14/15 MP: 0/5
  1218 | D:2      | Reached XP level 3. HP: 19/19 MP: 4/7
  1696 | D:2      | Learned a level 3 spell: Stone Arrow
  1803 | D:2      | Found a hide-covered altar of Uskayaw.
  1803 | D:2      | Found a radiant altar of Vehumet.
  1806 | D:2      | Became a worshipper of Vehumet
  2078 | D:2      | Reached skill level 1 in Conjurations
  2078 | D:2      | Reached XP level 4. HP: 9/24 MP: 1/9
  2401 | D:3      | Found a shimmering altar of Xom.
  2401 | D:3      | Found a shimmering altar of Xom.
  2401 | D:3      | Found a shimmering altar of Xom.
  2401 | D:3      | Found a shimmering altar of Xom.
  2547 | D:3      | Reached XP level 5. HP: 25/28 MP: 4/10
  2578 | D:3      | Reached skill level 4 in Earth Magic
  2607 | D:3      | Reached * piety under Vehumet
  2607 | D:3      | Offered knowledge of Freeze by Vehumet.
  2629 | D:3      | Found a glowing drain.
  2671 | Sewer    | Entered a sewer
  2949 | Sewer    | Reached skill level 5 in Earth Magic
  3263 | Sewer    | Reached XP level 6. HP: 32/32 MP: 8/11
  3641 | Sewer    | Offered knowledge of Searing Ray by Vehumet.
  3680 | Sewer    | Reached ** piety under Vehumet
  4215 | D:3      | Noticed Natasha
  4218 | D:3      | Killed Natasha
  4342 | D:3      | Noticed Natasha
  4445 | D:3      | Noticed Terence
  4591 | D:3      | Killed Terence
  5001 | D:3      | Killed Natasha
  5001 | D:3      | Reached skill level 1 in Fighting
  5125 | D:4      | Found a staircase to the Ecumenical Temple.
  5225 | D:4      | Reached XP level 7. HP: 21/40 MP: 12/12
  5361 | D:3      | Reached skill level 6 in Earth Magic
  6038 | D:4      | Noticed Edmund
  6117 | D:4      | Reached skill level 7 in Earth Magic
  6148 | D:4      | Found Wuar's General Store.
  6158 | D:4      | Offered knowledge of Inner Flame by Vehumet.
  6572 | D:4      | Noticed Pikel
  6868 | D:4      | Paralysed by Pikel for 3 turns
  6884 | D:4      | Paralysed by Pikel for 7 turns
  7338 | D:5      | Entered Level 5 of the Dungeon
  7559 | D:5      | Reached skill level 8 in Earth Magic
  7687 | D:5      | Reached XP level 8. HP: 45/45 MP: 13/13
  8327 | D:5      | Reached skill level 9 in Earth Magic
  8419 | D:5      | Reached *** piety under Vehumet
  9065 | D:5      | Learned a level 5 spell: Lee's Rapid Deconstruction
  9551 | D:6      | Noticed Prince Ribbit
  9663 | D:5      | Offered knowledge of Sticky Flame by Vehumet.
  9777 | D:6      | Reached skill level 5 in Spellcasting
  9863 | D:6      | Found a snail-covered altar of Cheibriados.
  9932 | D:6      | Reached XP level 9. HP: 17/49 MP: 17/17
 10887 | D:7      | Reached **** piety under Vehumet
 11194 | D:7      | Reached skill level 5 in Dodging
 11510 | D:7      | Offered knowledge of Fulminant Prism by Vehumet.
 11548 | D:7      | Found a stormy altar of Qazlal.
 12019 | D:8      | Reached skill level 5 in Fighting
 12391 | D:8      | Got ichor-stained fire dragon scales
 12402 | D:8      | Identified the +1 fire dragon scales of the Monkey {rElec
                  | rF++ rC- Str+3 Dex+2} (You found it on level 8 of the
                  | Dungeon)
 12423 | D:8      | Reached skill level 10 in Earth Magic
 12743 | D:8      | Reached skill level 1 in Armour
 12997 | D:8      | Reached XP level 10. HP: 53/61 MP: 13/18
 13269 | D:9      | Found a burning altar of Makhleb.
 13331 | D:9      | Reached skill level 5 in Armour
 13820 | D:9      | Found a hide-covered altar of Uskayaw.
 13888 | D:9      | Found a runed translucent door.
 13891 | D:9      | Found a basalt altar of Yredelemnul.
 14125 | D:9      | Got a faintly glowing cloak
 14131 | D:9      | Identified the cursed +0 cloak of the Modern Continents
                  | {Int+3 Dex+2 SInv Stlth+} (You found it on level 9 of the
                  | Dungeon)
 14239 | D:10     | Entered Level 10 of the Dungeon
 14537 | D:10     | Reached ***** piety under Vehumet
 14724 | D:10     | Found a staircase to the Lair.
 14739 | D:10     | Offered knowledge of Iskenderun's Battlesphere by Vehumet.
 14770 | Lair:1   | Entered Level 1 of the Lair of Beasts
 15039 | Lair:1   | Reached XP level 11. HP: 69/69 MP: 20/20
 15545 | Lair:1   | You fall into a shaft and drop 1 floor!
 16226 | Lair:2   | Reached skill level 11 in Earth Magic
 16306 | Lair:2   | Reached skill level 10 in Fighting
 17401 | Lair:3   | Reached XP level 12. HP: 77/77 MP: 12/22
 18328 | Lair:3   | Offered knowledge of Conjure Ball Lightning by Vehumet.
 19048 | Lair:4   | Reached skill level 10 in Armour
 20568 | Lair:4   | Reached skill level 12 in Earth Magic
 20852 | Lair:4   | Found a staircase to the Shoals.
 21879 | Lair:4   | Found a hole to the Spider Nest.
 22199 | Lair:5   | Found an opulent altar of Gozag.
 22349 | Lair:5   | Reached XP level 13. HP: 84/84 MP: 17/25
 23360 | Lair:5   | Found a runed translucent door.
 23455 | Lair:6   | Entered Level 6 of the Lair of Beasts
 23533 | Lair:6   | Reached skill level 13 in Earth Magic
 23622 | Lair:6   | Found a frozen archway.
 23641 | IceCv    | Entered an ice cave
 23657 | IceCv    | Demolished by a death yak simulacrum

Levels and vault maps discovered:
D:1:      zelgadis_glass_arrival_small, layout_basic
D:2:      layout_rooms, gammafunk_temple_overflow_elements, first_ration,
          serial_park_tiny_pond, minmay_hexomino_u4
D:3:      layout_loops_ring, xom_redecorated, gup_sewer_entry_bowl,
          uniq_terence, uniq_natasha
D:4:      layout_basic, minmay_temple_entry_offerings, serial_shops,
          nicolae_shop_crystal, uniq_edmund, uniq_pikel
D:5:      layout_gridville, dk_noncrumbling_4
D:6:      layout_rooms, kennysheep_mini_moat, uniq_prince_ribbit1
D:7:      layout_cave_pools, nicolae_qazlal_style_of_elements
D:8:      layout_loops_ring, blue_anna_alchemist [blue_anna_fruit_fields,
          blue_anna_fruit_fields], hangedman_decor_push, lightli_minifort
D:9:      layout_loops_ring, lightli_temple_of_fire, basic_altar,
          nicolae_benzene_ring, dk_yredelemnul_ordeal
D:10:     layout_basic, due_lair_maze_entry_diamond, serial_bayou_pond_a,
          uniq_maurice
Lair:1:   layout_roguey, serial_bayou_pond_b, minivault_25,
          chequers_serial_rivers_micro_a
Lair:2:   layout_regular_city, chequers_serial_rivers_small_b
Lair:3:   layout_chaotic_city
Lair:4:   layout_small_grid, shoals_dummy_entry,
          nicolae_spider_entry_tight_spaces
Lair:5:   layout_roguey, basic_altar, ebering_ghost_xom, beast_lair_carwin_9
Lair:6:   grunt_lair_end_beastmaster, layout_regular_city, slime_altar_1,
          portal_ice_cave_entry_pillars_1, minmay_lindwurm_lava
IceCv:    ice_cave_small_necro

Skill      XL: |  1  2  3  4  5  6  7  8  9 10 11 12 13 |
---------------+----------------------------------------+-----
Spellcasting   | 3 5 6 7 8 |  8.0
Conjurations   | 1 3 |  3.5
Earth Magic    | 5 8 9 10 11 12 13 | 13.1
Dodging        | 2 5 6 7 8 |  8.0
Fighting       | 2 6 8 10 11 | 11.0
Armour         | 3 8 9 11 | 11.0
Stealth        | |  2.1
Transmutations | |  0.7

Action                   |  1- 3 |  4- 6 |  7- 9 | 10-12 | 13-15 || total
-------------------------+-------+-------+-------+-------+-------++-------
Melee: Mace              |    70 |   257 |    94 |       |       ||   421
       Falchion          |       |       |   220 |    27 |    60 ||   307
       Whip              |       |       |    28 |   133 |       ||   161
Throw: Stone             |     3 |       |       |       |       ||     3
 Cast: Sandblast         |    26 |    39 |    85 |   143 |     1 ||   294
       Stone Arrow       |     1 |     5 |    14 |   206 |    51 ||   277
       Lee's Rapid Decon |       |       |     6 |    22 |     1 ||    29
  Use: Scroll            |       |     8 |     6 |     3 |     1 ||    18
 Stab: Sleeping          |     1 |     9 |     1 |     2 |       ||    13
  Eat: Chunk             |     4 |    11 |    20 |    34 |     4 ||    73
       Ration            |       |       |     2 |     1 |       ||     3
Armor: Robe              |    34 |    83 |   137 |       |       ||   254
       Fire dragon scale |       |       |    19 |   201 |    81 ||   301
Dodge: Dodged            |    57 |   184 |   288 |   221 |   104 ||   854
       Rpst.: Falchion   |       |       |    61 |    24 |    33 ||   118
